 Dungeon Crawl Stone Soup version 0.18.1-50-g88ac8fd (webtiles) character file.

284 raph the Ducker (level 6, 0/41 HPs)
             Began as a Merfolk Ice Elementalist on Oct 25, 2016.
             Slain by a killer bee (7 damage)
             ... on level 4 of the Dungeon.
             The game lasted 00:07:02 (3194 turns).

raph the Ducker (Merfolk Ice Elementalist)          Turns: 3194, Time: 00:07:02

Health: 0/41       AC: 12    Str: 10    XL:     6   Next: 29%
Magic:  0/10       EV: 15    Int: 14    God:
Gold:   131        SH:  0    Dex: 15    Spells: 3 memorised, 5 levels left

rFire  . . .     SeeInvis .     p - +2 falchion (protect)
rCold  . . .     Gourm    .     a - +0 robe
rNeg   . . .     Faith    .     (no shield)
rPois  .         Spirit   .     (no helmet)
rElec  .         Dismiss  .     (no cloak)
rCorr  .         Reflect  .     (no gloves)
SustAt .         Harm     .     (no boots)
MR     .....                    (no amulet)
Stlth  ++........               (no ring)
                                (no ring)

@: icy armour, slow, not resistant to hostile enchantments, unstealthy
A: change form in water, swift swim
a: no special abilities


You were on level 4 of the Dungeon.
You were not hungry.

You visited 1 branch of the dungeon, and saw 4 of its levels.

You collected 131 gold pieces.

Inventory:

Hand Weapons
 p - a +2 falchion of protection (weapon)
Missiles
 d - 2 throwing nets
 f - 6 tomahawks (quivered)
 q - 8 javelins
Armour
 a - a +0 robe (worn)
Scrolls
 h - a scroll of fear
 i - a scroll of random uselessness {unknown}
 l - 3 scrolls of teleportation {unknown}
Potions
 j - a potion of berserk rage {unknown}
 n - a potion of cancellation {unknown}
 o - a potion of degeneration {unknown}
 r - a potion of ambrosia {unknown}
Books
 b - a book of Frost

   Spells                             Type                      Level
   a - Freeze                         Ice                          1
   b - Throw Frost                    Conjuration/Ice              2
   c - Ozocubu's Armour               Charms/Ice                   3
   d - Throw Icicle                   Conjuration/Ice              4
   e - Summon Ice Beast               Ice/Summoning                4
Comestibles
 c - a bread ration
 g - 4 fruits
 k - 5 chunks of flesh
 m - a meat ration


   Skills:
 * Level 5.2 Dodging
 - Level 2.4 Stealth
 + Level 3.0 Spellcasting
 - Level 0.7 Conjurations
 + Level 2.2 Charms
 * Level 5.0 Ice Magic


You had 5 spell levels left.
You knew the following spells:

 Your Spells              Type           Power        Failure   Level  Hunger
a - Freeze                Ice            ###.         2%          1    #......
b - Throw Frost           Conj/Ice       ##....       12%         2    ##.....
c - Ozocubu's Armour      Chrm/Ice       ##......     17%         3    ###....


Dungeon Overview and Level Annotations

Branches:
Dungeon (4/15)
 Temple: D:4-7

Altars:
Gozag


Message History

Aiming: Freeze
Press: ? - help, Shift-Dir - straight line, f - killer bee
Aim: a killer bee You freeze the killer bee.
The killer bee is heavily wounded.
The killer bee stings you.
* * * LOW HITPOINT WARNING * * *
The killer bee barely misses you.
Casting: Freeze
Confirm with . or Enter, or press ? or * to list all spells.
Aiming: Freeze
Press: ? - help, Shift-Dir - straight line, f/p - killer bee
Aim: a killer bee (heavily wounded)
You freeze the killer bee.
The killer bee is severely wounded.
The killer bee barely misses you. The killer bee closely misses you.
You barely miss the killer bee.
The killer bee is severely wounded.
The killer bee stings you!
You die...

#.........
#......... #
#.........
#.###.........
#.............
########.#........
#.................
#y########........
#@..........######
##.........##
+.........#
#.........#
#.........#
#.........#
#.........#
#.........#
#.........#


You could see a killer bee.

Vanquished Creatures
  2 killer bees (D:3)
  A hound (D:4)
  A worker ant (D:4)
  7 adders
  An ooze (D:1)
  2 worms
  4 dart slugs (D:1)
  2 giant geckos (D:2)
  4 giant cockroaches
  6 goblins
  7 hobgoblins
  6 jackals
  8 kobolds
  3 bats
  4 giant newts (D:1)
  7 rats
65 creatures vanquished.

Notes
Turn   | Place    | Note
--------------------------------------------------------------
     0 | D:1      | raph the Merfolk Ice Elementalist began the quest for the Orb.
     0 | D:1      | Reached XP level 1. HP: 13/13 MP: 3/3
   187 | D:1      | Reached XP level 2. HP: 19/19 MP: 1/5
   432 | D:1      | Learned a level 2 spell: Throw Frost
   722 | D:1      | Reached XP level 3. HP: 24/24 MP: 3/6
   876 | D:1      | Learned a level 3 spell: Ozocubu's Armour
  1443 | D:2      | Reached skill level 1 in Charms
  1443 | D:2      | Reached XP level 4. HP: 30/30 MP: 3/7
  2201 | D:2      | Reached XP level 5. HP: 31/35 MP: 4/8
  2809 | D:3      | You fall through a shaft!
  3112 | D:3      | Found an opulent altar of Gozag.
  3169 | D:3      | Reached skill level 5 in Dodging
  3169 | D:3      | Reached skill level 5 in Ice Magic
  3169 | D:3      | Reached XP level 6. HP: 7/41 MP: 2/10
  3194 | D:4      | Slain by a killer bee

Skill      XL: |  1  2  3  4  5  6 |
---------------+-------------------+-----
Dodging        | 3 4 5 |  5.2
Charms         | 1 2 |  2.2
Ice Magic      | 4 5 |  5.0
Spellcasting   | 3 |  3.0
Stealth        | |  2.4
Conjurations   | |  0.7

Action                   |  1- 3 |  4- 6 || total
-------------------------+-------+-------++-------
Melee: Unarmed           |    15 |    16 ||    31
       Dagger            |       |    13 ||    13
       Falchion          |       |     1 ||     1
 Cast: Freeze            |    43 |    57 ||   100
       Throw Frost       |    12 |    25 ||    37
       Ozocubu's Armour  |       |     1 ||     1
  Use: Scroll            |       |     5 ||     5
       Potion            |       |     2 ||     2
  Eat: Chunk             |     3 |     5 ||     8
       Bread ration      |       |     1 ||     1
Armor: Robe              |     7 |    16 ||    23
Dodge: Dodged            |    31 |    59 ||    90
